 Dungeon Crawl Stone Soup version 0.26-a0-665-gefeb406119 (webtiles) character file.

Game seed: 16861093562894157100

86 vortex the Firebug (level 4, -2/26 HPs)
             Began as a Gargoyle Fire Elementalist on Oct 15, 2020.
             Slain by a gnoll
             ... wielding a cursed +0 halberd
              (8 damage)
             ... on level 2 of the Dungeon.
             The game lasted 00:07:56 (1633 turns).

vortex the Firebug (Gargoyle Fire Elementalist)     Turns: 1633, Time: 00:07:57

Health: -2/26      AC:  7    Str: 11    XL:     4   Next: 49%
Magic:  0/7        EV: 11    Int: 17    God:
Gold:   70         SH:  0    Dex: 10    Spells: 7/8 levels left

rFire    . . .     SeeInvis .   e - +2 whip (venom)
rCold    . . .     Faith    .   (no shield)
rNeg     + . .     Spirit   .   d - +0 leather armour
rPois    ∞         Reflect  .   (no helmet)
rElec    +         Harm     .   (no cloak)
rCorr    .         Rampage  .   (no gloves)
MR       .....                  h - +0 pair of boots
Stlth    ++........             (no amulet)
HPRegen  0.08/turn              (no ring)
MPRegen  0.10/turn              (no ring)

@: no status effects
A: negative energy resistance 1, electricity resistance, unbreathing,
petrification resistance, rot immunity, AC +3
a: no special abilities


You were on level 2 of the Dungeon.
You visited 1 branch of the dungeon, and saw 2 of its levels.

You collected 70 gold pieces.

Inventory:

Hand Weapons
 e - a +2 whip of venom (weapon)
Missiles
 g - a throwing net (quivered)
Armour
 d - a +0 leather armour (worn)
 h - a +0 pair of boots (worn)
Scrolls
 b - 4 scrolls of teleportation {unknown}
 c - 3 scrolls of amnesia {unknown}
 i - 3 scrolls of identify {unknown}
 k - a scroll of immolation {unknown}
Potions
 a - 2 potions of heal wounds {unknown}
 f - 4 potions of curing {unknown}
 j - 2 potions of haste {unknown}
 l - a potion of degeneration {unknown}


   Skills:
 + Level 1.6 Fighting
 + Level 2.1 Dodging
 - Level 2.1 Stealth
 + Level 2.5 Spellcasting
 + Level 2.1 Conjurations
 + Level 3.5 Fire Magic


You had 7 spell levels left.
You knew the following spells:

 Your Spells              Type           Power        Failure   Level
a - Foxfire               Conj/Fire      ##..         8%          1

Your spell library contained the following spells:

 Spells                   Type           Power        Failure   Level
 Conjure Flame            Conj/Fire      ##......     22%         3
 Inner Flame              Hex/Fire       #.......     34%         3
 Sticky Flame             Conj/Fire      ##......     58%         4
 Fireball                 Conj/Fire      ##........   90%         5


Dungeon Overview and Level Annotations

Branches:
Dungeon (2/15)

Altars:
Kikubaaqudgha
Yredelemnul
The Shining One


Innate Abilities, Weirdness & Mutations

You are resistant to torment.
Your stone body is resilient. (AC +3)
You are immune to poison.
You resist negative energy. (rN+)
You are resistant to electric shocks. (rElec)
You can survive without breathing.
You are immune to petrification.
You are immune to rotting.


Message History

Casting: Foxfire (safe; 8% risk of failure)
Confirm with . or Enter, or press ? or * to list all spells.
You conjure some foxfire!
The adder completely misses you.
The gnoll hits you from afar with a cursed +0 halberd.
* * * LOW HITPOINT WARNING * * *
The adder misses you.
The foxfire hits the adder but does no damage.
The foxfire hits the adder.
The adder is heavily wounded.
The adder bites you.
* * * LOW HITPOINT WARNING * * *
You hit the adder.
You kill the adder!
The gnoll closely misses you.
You see here a giant cockroach corpse.
Casting: Foxfire (safe; 8% risk of failure)
Confirm with . or Enter, or press ? or * to list all spells.
You conjure some foxfire!
The gnoll hits you from afar with a cursed +0 halberd!
You die...

#.#...........####.
#.............# #.
#######..(........## #.
######..................# ##
#....#.#########........####
#....#'#....#...............
######.........#'###.............
.................v##.########.(..
.[..............@.##.# #....
........#####...v.g..# #....
........# ########## #....
........# #.... ........# #....
........# ###.. ........# #.. ###


You could see a gnoll.

Vanquished Creatures
  4 gnolls
  An adder (D:2)
  An ooze (D:1)
  A dart slug (D:1)
  A leopard gecko (D:1)
  3 giant cockroaches
  4 goblins
  4 hobgoblins (D:1)
  A jackal (D:1)
  4 bats
  A frilled lizard (D:2)
  3 kobolds
  4 rats
32 creatures vanquished.

Vanquished Creatures (others)
  104 foxfires
104 creatures vanquished.

Grand Total: 136 creatures vanquished

Notes
Turn   | Place    | Note
-------+----------+-------------------------------------------
     0 | D:1      | vortex the Gargoyle Fire Elementalist began the quest for
                  | the Orb.
     0 | D:1      | Reached XP level 1. HP: 10/10 MP: 3/3
    54 | D:1      | Reached XP level 2. HP: 15/16 MP: 0/5
   490 | D:1      | Reached skill level 1 in Fighting
   490 | D:1      | Reached XP level 3. HP: 6/20 MP: 1/6
  1248 | D:2      | Found an ancient bone altar of Kikubaaqudgha.
  1248 | D:2      | Found a glowing golden altar of the Shining One.
  1248 | D:2      | Found a basalt altar of Yredelemnul.
  1614 | D:2      | Reached XP level 4. HP: 25/25 MP: 1/7
  1633 | D:2      | Slain by a gnoll

Illustrated notes

Levels and vault maps discovered:
D:1:      shiori_arrival_maze, layout_basic, minmay_close_crescents
D:2:      layout_basic, chequers_temple_overflow_statue_of_worship,
          chequers_ecumenical_altar_island, serial_park_tiny_1

Skill      XL: |  1  2  3 |
---------------+----------+-----
Fighting       | 1 |  1.6
Dodging        | 2 |  2.1
Conjurations   | 2 |  2.1
Stealth        | |  2.1
Spellcasting   | |  2.5
Fire Magic     | |  3.5

Action                   |  1- 3 |  4- 6 || total
-------------------------+-------+-------++-------
Melee: Short sword       |    11 |       ||    11
       Whip              |     3 |     3 ||     6
 Cast: Foxfire           |    61 |     3 ||    64
Armor: Robe              |     4 |       ||     4
       Leather armour    |     1 |     1 ||     2
Dodge: Dodged            |    12 |     5 ||    17

Table legend: (Time is in decaauts)
 A = Elapsed time spent in this place.
 B = Non-inter-level travel time spent in this place.
 C = Inter-level travel time spent in this place.
 D = Time resting spent in this place.
 E = Time spent auto-exploring this place.
 F = Levels seen in this place.
 G = Mean time per level.
                   A        B        C        D        E       F      G
               +--------+--------+--------+--------+--------+-----+--------+
         Total |   1633 |   1547 |     86 |      6 |   1242 |   2 |  816.5 |
       Dungeon |   1633 |   1547 |     86 |      6 |   1242 |   2 |  816.5 |
               +--------+--------+--------+--------+--------+-----+--------+

Top non-repeatable levels by time:
     D:1: 1248 daAuts
     D:2: 385 daAuts
